 Dungeon Crawl Stone Soup version 0.30-a0-639-g3916f1956a (webtiles) character file.

Game seed: 2173717796317239067

2338 demibob the Cleaver (level 9, -5/63 HPs)
             Began as a Demonspawn Berserker on Jan 17, 2023.
             Was a Priest of Trog.
             Slain by a troll (12 damage)
             ... on level 7 of the Dungeon.
             The game lasted 00:08:13 (7109 turns).

demibob the Cleaver (Demonspawn Berserker)          Turns: 7109, Time: 00:08:14

Health: -5/63      AC:  4    Str: 21    XL:     9   Next: 19%
Magic:  9/9        EV: 27    Int:  9    God:    Trog [***...]
Gold:   327        SH:  4    Dex: 13    Spells: 8/8 levels left

rFire   . . .      SeeInvis .    a - +1 hand axe
rCold   . . .      Faith    .    (no shield)
rNeg    + . .      Spirit   .    b - +0 animal skin
rPois   .          Reflect  .    (helmet restricted)
rElec   .          Harm     .    (no cloak)
rCorr   .          Rampage  .    e - +1 pair of gloves
Will    +....                    (no boots)
Stlth   +                        m - amulet of the acrobat
HPRegen 0.30/turn                N - ring of positive energy
MPRegen 0.11/turn                W - ring of willpower

@: mighty, about to teleport, on berserk cooldown, acrobatic, slowed, very slow
A: horns 2, large bone plates 1, powered by pain 2, spiny 1
a: Renounce Religion, Berserk, Trog's Hand


You were on level 7 of the Dungeon.
You worshipped Trog.
Trog was most pleased with you.
You visited 1 branch of the dungeon, and saw 7 of its levels.

You collected 327 gold pieces.


Innate Abilities, Weirdness & Mutations

You have a pair of horns on your head.
You are partially covered in large bone plates. (SH +4)
You sometimes gain power by taking damage.
You are partially covered in sharp spines.


   Skills:
 - Level 3.0 Fighting
 + Level 11.6 Axes
 - Level 1.7 Armour
 - Level 1.7 Dodging


You had 8 spell levels left.
You didn't know any spells.
Your spell library was empty.

Inventory:

Hand Weapons
 a - a +1 hand axe (weapon)
Missiles
 r - a throwing net {=f}
Armour
 b - a +0 animal skin (worn)
 e - a +1 pair of gloves (worn)
 j - a +2 pair of boots
Jewellery
 m - an amulet of the acrobat (around neck)
 N - a ring of positive energy (left hand)
 W - a ring of willpower (right hand)
Wands
 t - a wand of flame (40)
Scrolls
 g - 2 scrolls of noise
 n - a scroll of fog
 p - 3 scrolls of teleportation {@r2}
 q - a scroll of enchant weapon
Potions
 d - 2 potions of brilliance
 f - a potion of degeneration {unknown}
 h - a potion of curing {unknown}
 i - a potion of mutation
 k - 2 potions of berserk rage {!q}
 o - a potion of magic {unknown}
 s - a potion of attraction {unknown}
 u - a potion of haste {unknown}

Dungeon Overview and Level Annotations

Branches:
Dungeon (7/15)             Temple (0/1) D:6

Altars:
Kikubaaqudgha
Qazlal
Vehumet

Shops:
D:6

? ..# #.# #.# ###.###
#.....# ....... .
###.....#####.........
#............ ...#.##.
#..@..#####.#..#.##.
#...T)......#..#.##.
###.#.#######..#.##.
#.#l##...##..#.##.
#.h...............
##.#####h##...##.......
.......#.###.###..##.##
#...# #># #..##.#
.......T...#># #..##.##


You could see a troll, a howler monkey and an iguana.


Message History

The troll bites you!
You focus on the pain.
You feel mightier all of a sudden. The troll completely misses you.
The troll closely misses you. The troll is struck by your spines.
The troll bites you! The troll barely misses you. The troll claws you!
* * * LOW HITPOINT WARNING * * *
You barely miss the troll. Your headbutt misses the troll.
The troll is moderately wounded.
The troll is struck by your spines. The troll bites you but does no damage.
The troll claws you.
* * * LOW HITPOINT WARNING * * *
The troll claws you!
* * * LOW HITPOINT WARNING * * *
Okay, then.
You feel much better.
The howler monkey hoots and howls with incredible vigour!
The troll is struck by your spines. The troll misses you.
The troll barely misses you. The troll completely misses you.
As you read the scroll of teleportation {@r2}, it crumbles to dust.
You feel strangely unstable. You block the troll's attack. The troll claws you.
The troll claws you!
* * * LOW HITPOINT WARNING * * *
The troll is struck by your spines. The troll bites you!
* * * LOW HITPOINT WARNING * * *
The troll claws you but does no damage. The troll claws you!
* * * LOW HITPOINT WARNING * * *
Okay, then.
The troll attacks as you move away! The troll is struck by your spines.
The troll completely misses you. The troll claws you!
You die...

Skill      XL: |  1  2  3  4  5  6  7  8 |
---------------+-------------------------+-----
Axes           | 3 4 5 6 7 9 11 | 11.6
Fighting       | |  3.0
Armour         | |  1.7
Dodging        | |  1.7

Action                   |  1- 3 |  4- 6 |  7- 9 || total
-------------------------+-------+-------+-------++-------
Melee: Hand axe          |   115 |   176 |   202 ||   493
       Punch             |     1 |     2 |     3 ||     6
       Headbutt          |       |    30 |    36 ||    66
Invok: Berserk           |     1 |     3 |     9 ||    13
  Use: Scroll            |     1 |    12 |     2 ||    15
       Potion            |       |       |     7 ||     7
 Stab: Sleeping          |     1 |       |       ||     1
Armor: Animal skin       |    28 |    39 |    25 ||    92
Dodge: Dodged            |    73 |   112 |   118 ||   303
Block: Other             |       |    11 |    28 ||    39

Levels and vault maps discovered:
D:1:      spicycebolla_arrival_xxxplode, layout_loops_ring,
          minmay_misc_feat_rows, feat_on_display
D:2:      layout_basic, chequers_avenue
D:3:      layout_basic
D:4:      layout_basic, nicolae_qazlal_scattered_showers,
          mainiacjoe_overflow_paths
D:5:      layout_loops_corners, nicolae_kikubaaqudgha_miasma_corner,
          serial_bayou, serial_bayou_lagoon_b, serial_bayou_lagoon_a,
          serial_bayou_lake_a, serial_bayou_pond_d, serial_bayou_shore_b,
          uniq_sigmund
D:6:      kennysheep_slugbush, layout_layer_cave, minmay_temple_entry_statues,
          nicolae_take_the_stairs, uniq_edmund
D:7:      cheibrodos_fzero, layout_loops_ring, nicolae_yredelemnul_corpse_copse

Notes
Turn   | Place    | Note
-------+----------+-------------------------------------------
     0 | D:1      | demibob the Demonspawn Berserker began the quest for the
                  | Orb.
     0 | D:1      | Reached XP level 1. HP: 18/18 MP: 1/1
    69 | D:1      | Reached skill level 3 in Axes
   218 | D:1      | Gained mutation: You sometimes gain a little power by
                  | taking damage. [demonic ancestry]
   218 | D:1      | Reached XP level 2. HP: 20/24 MP: 2/2
   741 | D:2      | Gained mutation: You sometimes gain power by taking damage.
                  | [demonic ancestry]
   741 | D:2      | Reached XP level 3. HP: 29/29 MP: 3/3
   786 | D:2      | Reached skill level 4 in Axes
   916 | D:2      | Reached ** piety under Trog
  1121 | D:2      | Gained mutation: You have a pair of small horns on your
                  | head. [demonic ancestry]
  1121 | D:2      | Reached XP level 4. HP: 23/35 MP: 4/4
  2783 | D:4      | Reached skill level 5 in Axes
  2808 | D:4      | Noticed a scorpion
  2816 | D:4      | Killed a scorpion
  2817 | D:4      | Reached XP level 5. HP: 36/41 MP: 5/5
  2928 | D:4      | Found a radiant altar of Vehumet.
  3038 | D:4      | Reached skill level 6 in Axes
  3413 | D:4      | Found a stormy altar of Qazlal.
  3528 | D:5      | Entered Level 5 of the Dungeon
  3528 | D:5      | Noticed Sigmund
  3535 | D:5      | Killed Sigmund
  3536 | D:5      | Gained mutation: You are partially covered in large bone
                  | plates. (SH +4) [demonic ancestry]
  3536 | D:5      | Reached XP level 6. HP: 47/47 MP: 6/6
  4041 | D:5      | Identified the +1 leather armour of Limited Liability
                  | {Drain rElec Regen+}
  4150 | D:5      | Found an ancient bone altar of Kikubaaqudgha.
  4642 | D:6      | Reached skill level 7 in Axes
  4838 | D:6      | Found a staircase to the Ecumenical Temple.
  4898 | D:6      | Reached XP level 7. HP: 28/52 MP: 7/7
  5024 | D:6      | Found Oplueshru's Magic Scroll Shoppe.
  5195 | D:6      | Reached skill level 8 in Axes
  5583 | D:6      | Reached skill level 9 in Axes
  5583 | D:6      | Gained mutation: You are partially covered in sharp spines.
                  | [demonic ancestry]
  5583 | D:6      | Reached XP level 8. HP: 51/58 MP: 8/8
  5817 | D:6      | Noticed Edmund
  5915 | D:6      | Killed Edmund
  5916 | D:6      | Reached skill level 10 in Axes
  6228 | D:6      | Reached *** piety under Trog
  6960 | D:7      | Reached skill level 11 in Axes
  6990 | D:7      | Gained mutation: You have a pair of horns on your head.
                  | [demonic ancestry]
  6990 | D:7      | Reached XP level 9. HP: 52/63 MP: 9/9
  7092 | D:7      | Noticed a troll
  7107 | D:7      | HP: 6/63 [troll (8)]
  7109 | D:7      | Slain by a troll

Vanquished Creatures
  Sigmund (D:5)
  Edmund (D:6)
  A water moccasin (D:6)
  An orc warrior (D:7)
  4 ice beasts
  A black bear (D:6)
  A centaur (D:6)
  2 bullfrogs
  3 scorpions
  A gnoll sergeant (D:6)
  3 wights (D:7)
  3 killer bees (D:6)
  An electric eel (D:6)
  A howler monkey (D:7)
  3 hounds
  An orc priest (D:7)
  A gnoll bouda (D:7)
  2 iguanas (D:6)
  An orc wizard (D:7)
  14 gnolls
  8 adders
  3 shadow imps (D:7)
  A white imp (D:7)
  2 ufetubi
  A worm (D:3)
  12 dart slugs (D:6)
  14 orcs
  9 ball pythons
  5 endoplasms
  2 giant cockroaches
  4 goblins
  7 hobgoblins
  A quokka (D:2)
  4 bats
  2 frilled lizards
  6 kobolds
  6 rats
133 creatures vanquished.

Vanquished Creatures (others)
  5 plants (D:5)
5 creatures vanquished.

Grand Total: 138 creatures vanquished

Table legend: (Time is in decaauts)
 A = Elapsed time spent in this place.
 B = Non-inter-level travel time spent in this place.
 C = Inter-level travel time spent in this place.
 D = Time resting spent in this place.
 E = Time spent auto-exploring this place.
 F = Levels seen in this place.
 G = Mean time per level.
                   A        B        C        D        E       F      G
               +--------+--------+--------+--------+--------+-----+--------+
         Total |   7259 |   7010 |    249 |    710 |   5244 |   7 | 1037.0 |
       Dungeon |   7259 |   7010 |    249 |    710 |   5244 |   7 | 1037.0 |
               +--------+--------+--------+--------+--------+-----+--------+

Top non-repeatable levels by time:
     D:6: 2168 daAuts
     D:5: 1106 daAuts
     D:3: 968 daAuts
     D:4: 961 daAuts
     D:2: 916 daAuts
     D:1: 731 daAuts
     D:7: 407 daAuts

Table legend:
 A = Non-vault XP
 B = Vault XP
 C = Vault XP percentage of total XP
 D = Non-vault monster count
 E = Vault monster count
 F = Vault count percentage of total count
                 A         B        C        D         E       F
            +---------+---------+-------+---------+---------+-------
      Total |    2683 |     657 |  19.7 |     114 |      19 |  14.3
            +---------+---------+-------+---------+---------+-------
        D:1 |      29 |       0 |   0.0 |      19 |       0 |   0.0
        D:2 |     104 |       0 |   0.0 |      23 |       0 |   0.0
        D:3 |      18 |       0 |   0.0 |       9 |       0 |   0.0
        D:4 |     205 |       0 |   0.0 |      10 |       0 |   0.0
        D:5 |      24 |     223 |  90.3 |       3 |       1 |  25.0
        D:6 |    1499 |     214 |  12.5 |      30 |      13 |  30.2
        D:7 |     804 |     220 |  21.5 |      20 |       5 |  20.0
            +---------+---------+-------+---------+---------+-------
